 Dungeon Crawl Stone Soup version 0.31-a0-222-gefeffbb62a (webtiles) character file.

Game seed: 5935022899813006350

30 Shard1697 the Covered (level 3, -1/32 HPs)
             Began as an Armataur Fighter on July 5, 2023.
             Succumbed to a gnoll's poison
             ... on level 2 of the Dungeon.
             The game lasted 00:00:58 (653 turns).

Shard1697 the Covered (Armataur Fighter)             Turns: 653, Time: 00:00:59

Health: -1/32      AC:  9    Str: 21    XL:     3   Next: 5%
Magic:  3/3        EV:  5    Int:  8    God:
Gold:   104        SH:  4    Dex: 11    Spells: 2/2 levels left

rFire   + . .        a - +0 flail
rCold   . . .        c - +0 buckler
rNeg    . . .        l - +0 chain mail
rPois   .            e - +0 helmet
rElec   .            (no cloak)
rCorr   .            (no gloves)
SInv    .            (no barding)
Will    .....        (no amulet) Stlth
                     h - ring of protection from fire
HPRegen 0.25/turn    (no ring)
MPRegen 0.08/turn

%: roll
@: lethally poisoned (-1 -> -11)
A: large, rugged brown scales 3, deformed body, armoured tail, roll, long
tongue, awkward tongue
a: no special abilities


You were on level 2 of the Dungeon.
You visited 1 branch of the dungeon, and saw 2 of its levels.

You collected 104 gold pieces.

Inventory:

Hand Weapons
 a - a +0 flail (weapon)
Armour
 c - a +0 buckler (worn)
 e - a +0 helmet (worn)
 l - a +0 chain mail (worn)
Jewellery
 h - a ring of protection from fire (left hand)
Scrolls
 f - 2 scrolls of immolation {unknown}
 g - a scroll of identify {unknown}
 j - a scroll of amnesia {unknown}
 k - a scroll of revelation {unknown}
Potions
 b - a potion of invisibility {unknown}
 d - 3 potions of might
 i - a potion of mutation {unknown}
 m - a potion of heal wounds {unknown}


   Skills:
 - Level 2.6 Fighting
 + Level 3.2 Maces & Flails
 - Level 3.6 Armour
 - Level 3.2 Shields


You had 2 spell levels left.
You didn't know any spells.
Your spell library contained the following spells:

 Spells                   Type           Power      Damage    Failure   Level
 Ozocubu's Armour         Ice            0%         N/A       100%        3
 Metabolic Englaciation   Hex/Ice        0%         N/A       100%        5
 Simulacrum               Ice/Necr       0%         N/A       100%        6


Dungeon Overview and Level Annotations

Branches:
Dungeon (2/15)

Altars:


Innate Abilities, Weirdness & Mutations

You are completely covered in rugged brown scales. (AC +3, +7% HP)
Armour fits poorly on your strangely shaped body.
You have a long armoured tail.
You roll when moving toward enemies. (Rampage)
Your long tongue fully drains potion bottles. (2x potion effects)
Your tongue gives you trouble enunciating. (1.5x scroll delay)


Message History

You now have 104 gold pieces (gained 10).
b - a murky green potion
d - 3 potions of might (gained 1)
f - 2 scrolls labelled RUMIDU EMUTOX (gained 1)
m - a purple potion A rat comes into view.
You roll towards the rat!
You roll towards the rat! 2 gnolls come into view.
A gnoll is wielding a +1 flail of venom.
The gnoll shouts!
The rat bites you but does no damage.
You hit the rat.
You kill the rat!
You sock the gnoll!
The gnoll is heavily wounded.
The gnoll hits you with a +1 flail of venom.
You are poisoned.
You hit the gnoll.
The gnoll is severely wounded.
You feel very sick.
The gnoll hits you with a +1 flail of venom!
You are too injured to fight recklessly!
You are too injured to fight recklessly!
You are too injured to fight recklessly!
You are too injured to fight recklessly!
You are too injured to fight recklessly!
You are too injured to fight recklessly!
There are monsters nearby!
The gnoll attacks as you move away!
The gnoll hits you with a +1 flail of venom.
You are lethally poisoned!
* * * LOW HITPOINT WARNING * * *
You feel very sick.
* * * LOW HITPOINT WARNING * * *
You feel very sick.
* * * LOW HITPOINT WARNING * * *
You feel very sick. The gnoll attacks as you move away!
The gnoll barely misses you.
You die...

.##.. ..#..
....## #.#†.###
#.#g...#
#.#.##...#####
#.#g# .....#
####.#.# .....#
#....@.####.....
#...<..†.†...####
#.....#..........
#.....#.......##
#.....#.......#
#.....#....)..#
#.....#.....(.#
#.....#...[...#
#######.......#


You could see 2 gnolls.

Vanquished Creatures
  A gnoll (D:2)
  3 ball pythons (D:1)
  2 giant cockroaches
  3 goblins (D:1)
  A kobold (D:1)
  2 quokkas
  2 bats
  6 rats
20 creatures vanquished.

Notes
Turn   | Place    | Note
-------+----------+-------------------------------------------
     0 | D:1      | Shard1697 the Armataur Fighter began the quest for the Orb.
     0 | D:1      | Reached XP level 1. HP: 19/19 MP: 1/1
   208 | D:1      | Reached XP level 2. HP: 26/26 MP: 2/2
   587 | D:2      | Reached XP level 3. HP: 26/32 MP: 3/3
   652 | D:2      | HP: 1/32 [poisoned by a gnoll]
   653 | D:2      | Succumbed to a gnoll's poison

Illustrated notes

Levels and vault maps discovered:
D:1:      lightli_arrival_chessboard, layout_basic,
          amcnicky_mini_corridor_feature, minivault_23
D:2:      layout_basic, shapermc_ecumenical_altar_notcrosses,
          minmay_pentomino_p2

Skill      XL: |  1  2 |
---------------+-------+-----
Maces & Flails | 2 3 |  3.2
Fighting       | |  2.6
Armour         | |  3.6
Shields        | |  3.2

Action                     || total
---------------------------++-------
  Melee: Flail             ||    44
         Tailslap          ||     6
 Armour: Scale mail        ||    21
         Chain mail        ||     1
  Dodge: Dodged            ||    17
  Block: Buckler           ||     5

Table legend: (Time is in decaauts)
 A = Elapsed time spent in this place.
 B = Non-inter-level travel time spent in this place.
 C = Inter-level travel time spent in this place.
 D = Time resting spent in this place.
 E = Time spent auto-exploring this place.
 F = Levels seen in this place.
 G = Mean time per level.
                   A        B        C        D        E       F      G
               +--------+--------+--------+--------+--------+-----+--------+
         Total |    665 |    627 |     38 |      0 |    486 |   2 |  332.5 |
       Dungeon |    665 |    627 |     38 |      0 |    486 |   2 |  332.5 |
               +--------+--------+--------+--------+--------+-----+--------+

Top non-repeatable levels by time:
     D:1: 577 daAuts
     D:2: 87 daAuts
